 Dungeon Crawl Stone Soup version 0.19-a0-1368-g41a3d51 (webtiles) character file.

4697 Elitist the Basher (level 10, -1/74 HPs)
             Began as a Human Warper on Sept 2, 2016.
             Was a High Priest of Cheibriados.
             Slain by a killer bee (5 damage)
             ... on level 8 of the Dungeon.
             The game lasted 00:23:16 (9259 turns).

Elitist the Basher (Human Warper)                   Turns: 9259, Time: 00:23:17

Health: -1/74      AC: 10    Str: 27    XL:     10   Next: 72%
Magic:  16/16      EV: 16    Int: 25    God:    Cheibriados [*****.]
Gold:   478        SH:  0    Dex: 25    Spells: 3 memorised, 11 levels left

rFire  . . .     SeeInvis .     y - +4 dire flail (elec)
rCold  . . .     Gourm    +     J - +2 leather armour {rPois}
rNeg   . . .     Faith    .     (shield currently unavailable)
rPois  +         Spirit   .     (no helmet)
rElec  .         Dismiss  .     E - +2 cloak
rCorr  .         Reflect  .     h - +0 pair of gloves
MR     .....     Harm     .     L - +0 pair of boots
Stlth  ++........               r - amulet of the gourmand
                                (no ring)
                                (no ring)

@: very slow
A: no striking features
a: Bend Time, Temporal Distortion, Slouch, Step From Time, Renounce Religion


You were on level 8 of the Dungeon.
You worshipped Cheibriados.
Cheibriados was extremely pleased with you.
You were completely stuffed.

You visited 2 branches of the dungeon, and saw 9 of its levels.

You collected 563 gold pieces.
You spent 85 gold pieces at shops.

Inventory:

Hand Weapons
 y - a +4 dire flail of electrocution (weapon)
Missiles
 g - 16 tomahawks
 k - 20 bolts
 o - 127 arrows
 I - 4 tomahawks of dispersal (quivered)
Armour
 h - a +0 pair of gloves (worn)
 s - a cursed -2 ring mail
 E - a +2 cloak (worn)
 J - a +2 leather armour of poison resistance (worn)
 L - a +0 pair of boots (worn)
 P - a +3 leather armour of positive energy
Jewellery
 r - an amulet of the gourmand (around neck)
Wands
 b - a wand of digging (14/24)
 m - a wand of confusion (19/48)
 N - a wand of enslavement (2/24)
Scrolls
 d - 3 scrolls of blinking
 e - 5 scrolls of identify
 i - 3 scrolls of teleportation
 j - 2 scrolls of amnesia
 l - 2 scrolls of fear
 w - a scroll of enchant weapon
 A - 2 scrolls of enchant armour
 C - a scroll of remove curse
 H - a scroll of fog
 M - a scroll of recharging
Potions
 a - 2 potions of heal wounds
 q - 2 potions of brilliance
 u - 5 potions of curing
 v - a potion of flight {unknown}
 x - 2 potions of mutation {unknown}
 D - a potion of agility
 F - 2 potions of ambrosia
 G - 2 potions of haste {unknown}
Books
 c - a book of Spatial Translocations

   Spells                             Type                      Level
   a - Apportation                    Translocation                1
   b - Blink                          Translocation                2
   c - Shroud of Golubria             Charms/Translocation         2
   d - Portal Projectile              Translocation                3
   e - Teleport Other                 Translocation                3
   f - Passage of Golubria            Translocation                4
Miscellaneous
 z - a phial of floods (inert)
Comestibles
 f - 8 bread rations
 n - 3 beef jerkies
 p - a royal jelly
 t - 3 meat rations
 B - 4 fruits
 K - 2 slices of pizza
 O - 2 chunks of flesh


   Skills:
 - Level 5.1 Fighting
 * Level 10.0 Maces & Flails
 - Level 1.0 Throwing
 - Level 1.0 Armour
 - Level 5.0 Dodging
 + Level 4.6 Spellcasting
 + Level 6.0 Translocations
 + Level 6.4 Invocations


You had 11 spell levels left.
You knew the following spells:

 Your Spells              Type           Power        Failure   Level  Hunger
a - Apportation           Tloc           #####.....   1%          1    None
b - Blink                 Tloc           N/A          1%          2    None
c - Passage of Golubria   Tloc           N/A          10%         4    ####...


Dungeon Overview and Level Annotations

Branches:
Dungeon (8/15)             Temple (1/1) D:6
   Lair: D:8-11

Altars:
Ashenzari
Cheibriados
Dithmenos
Elyvilon
Fedhas
Gozag
Hepliaklqana
Makhleb
Nemelex Xobeh
Okawaru
Qazlal
Ru
Sif Muna
Trog
Uskayaw
Xom
Yredelemnul
Zin
The Shining One
Beogh

Shops:
D:4 *   D:5 *   D:7 (


Message History

Your killer bee looks stronger.
Really attack your killer bee?
You catch your helpless killer bee completely off-guard!
You hit your killer bee.
The killer bee is no longer charmed.
The killer bee is almost dead.
The killer bee stings you!
* * * LOW HITPOINT WARNING * * *
Unknown command.
You puncture the killer bee!
There is a sudden explosion of sparks!
You kill the killer bee!
Cheibriados thoroughly appreciates the change of pace. 2 killer bees come into view.
The killer bee buzzes angrily.
You hear an angry buzzing noise.
The killer bee moves out of view.
The killer bee completely misses you.
The killer bee stings you but does no damage.
You sock the killer bee!
The killer bee is severely wounded.
The killer bee closely misses you. The killer bee completely misses you.
The killer bee misses you. The killer bee stings you.
You die...

#.# #.#########.#
#.#...).....# #
#.#.######### .#
#.#.#†.††..####.####
#.#.#.####(#........
#.#.#.#.....s...#
#.#y#.#.####..###
#.###).)@.# #..#
#...))#y### #.##
#####.#...


#yy #....... .s# ######### ..# ... #... You could see 2 killer bees.

Vanquished Creatures
  An unseen horror (D:7)
  Maurice (D:8)
  2 hippogriffs
  Edmund (D:4)
  Duvessa (D:5)
  An ice beast (D:6)
  A sky beast (D:8)
  3 orc warriors
  A necrophage (D:7)
  2 phantoms
  2 ogres (D:8)
  A crocodile (D:8)
  3 giant frogs
  A gnoll sergeant (D:8)
  Dowan (D:5)
  A water moccasin zombie (D:7)
  4 scorpions (D:8)
  A water moccasin skeleton (D:6)
  A howler monkey (D:8)
  7 killer bees (D:8)
  6 crimson imps
  2 quasits
  6 orc priests
  6 orc wizards
  3 hounds
  A giant frog skeleton (D:6)
  An iguana (D:8)
  Ijyb (D:2)
  6 worker ants
  3 hound skeletons
  3 worker ant zombies
  9 gnolls
  14 adders
  A shadow imp (D:7)
  2 adder skeletons
  3 worms
  4 dart slugs
  7 giant geckos
  27 orcs
  3 ball pythons
  A giant cockroach (D:4)
  7 hobgoblins
  17 jackals
  5 quokkas
  A ball python skeleton (D:4)
  7 bats
  7 giant newts
  16 goblins
  2 goblin zombies (D:7)
  A hobgoblin zombie (D:7)
  5 kobolds
  A kobold skeleton (D:7)
  A kobold zombie (D:7)
  3 orc skeletons (D:7)
  8 rats
226 creatures vanquished.

Vanquished Creatures (collateral kills)
  Eustachio (D:5)
  An orc warrior (D:8)
  A killer bee (D:8)
  A gnoll (D:8)
4 creatures vanquished.

Vanquished Creatures (others)
  A killer bee (D:8)
1 creature vanquished.

Grand Total: 231 creatures vanquished

Notes
Turn   | Place    | Note
-------+----------+-------------------------------------------
     0 | D:1      | Elitist the Human Warper began the quest for the Orb.
     0 | D:1      | Reached XP level 1. HP: 16/16 MP: 3/3
   215 | D:1      | Reached XP level 2. HP: 20/22 MP: 5/5
   775 | D:1      | Reached skill level 3 in Maces & Flails
   832 | D:2      | Found a snail-covered altar of Cheibriados.
   840 | D:2      | Became a worshipper of Cheibriados the Contemplative
  1009 | D:2      | Reached XP level 3. HP: 19/27 MP: 2/6
  1236 | D:2      | Learned a level 2 spell: Blink
  1300 | D:2      | Noticed Ijyb
  1340 | D:2      | Killed Ijyb
  1340 | D:2      | Reached XP level 4. HP: 4/33 MP: 7/7
  1850 | D:2      | Reached * piety under Cheibriados
  1865 | D:2      | Learned a level 4 spell: Passage of Golubria
  1887 | D:2      | Reached skill level 4 in Maces & Flails
  2111 | D:2      | Reached XP level 5. HP: 28/38 MP: 8/8
  3062 | D:3      | Reached ** piety under Cheibriados
  3430 | D:3      | Reached XP level 6. HP: 46/46 MP: 9/9
  3942 | D:4      | Found Noivieb's General Store.
  3952 | D:4      | Bought a potion of curing for 30 gold pieces
  3952 | D:4      | Bought a scroll of amnesia for 35 gold pieces
  3952 | D:4      | Bought a scroll of identify for 20 gold pieces
  4313 | D:4      | Reached skill level 5 in Maces & Flails
  4323 | D:4      | Reached *** piety under Cheibriados
  4531 | D:4      | Noticed a hippogriff
  4539 | D:4      | Killed a hippogriff
  4539 | D:4      | Reached skill level 1 in Invocations
  4539 | D:4      | Reached XP level 7. HP: 25/52 MP: 10/10
  4716 | D:4      | Noticed Edmund
  4735 | D:4      | Killed Edmund
  5026 | D:4      | Reached skill level 6 in Maces & Flails
  5289 | D:5      | Entered Level 5 of the Dungeon
  5304 | D:5      | Found Zin's Purification Station.
  5306 | D:5      | Found a glowing silver altar of Zin.
  5395 | D:5      | Found a shattered altar of Ashenzari.
  5428 | D:5      | Reached XP level 8. HP: 58/60 MP: 11/11
  5597 | D:5      | Found a snail-covered altar of Cheibriados.
  5598 | D:5      | Found a basalt altar of Yredelemnul.
  5599 | D:5      | Found a sparkling altar of Nemelex Xobeh.
  5606 | D:5      | Noticed Eustachio
  5607 | D:5      | Found an iron altar of Okawaru.
  5626 | D:5      | Killed Eustachio
  5932 | D:5      | Noticed Duvessa
  5932 | D:5      | Noticed Dowan
  5945 | D:5      | Killed Duvessa
  5952 | D:5      | Killed Dowan
  6356 | D:6      | Found a staircase to the Ecumenical Temple.
  6365 | Temple   | Entered the Ecumenical Temple
  6430 | D:6      | Reached skill level 7 in Maces & Flails
  6605 | D:6      | Reached **** piety under Cheibriados
  6622 | D:6      | Reached XP level 9. HP: 21/66 MP: 12/12
  6986 | D:6      | Reached skill level 5 in Dodging
  7143 | D:6      | Reached skill level 5 in Fighting
  7197 | D:7      | Reached skill level 8 in Maces & Flails
  7274 | D:7      | Found a glowing golden altar of the Shining One.
  7341 | D:7      | Found Udghomic's Antique Weapon Boutique.
  7425 | D:7      | Killed an unseen horror
  7843 | D:7      | Reached skill level 5 in Invocations
  8092 | D:8      | Reached skill level 9 in Maces & Flails
  8158 | D:7      | Reached XP level 10. HP: 31/74 MP: 15/15
  8412 | D:8      | Reached skill level 5 in Translocations
  8503 | D:8      | Found a roughly hewn altar of Beogh.
  8589 | D:8      | Noticed Maurice
  8641 | D:8      | Killed Maurice
  8953 | D:8      | Reached ***** piety under Cheibriados
  9228 | D:8      | Reached skill level 10 in Maces & Flails
  9253 | D:8      | HP: 2/74 [killer bee (7)]
  9259 | D:8      | Slain by a killer bee

Vault maps used:
D:1:      matt_arrival_grand_opening
D:2:      kennysheep_goblin_castle, cheibriados_altar_1
D:4:      serial_shops, shop, minmay_small_thing, uniq_edmund
D:5:      nicolae_overflow_hidden_temple, cheibrodos_ashenzari_chains,
          zin_purify, first_bread, minmay_misc_feat_chi, okawaru_trees_1,
          uniq_eustachio, uniq_duvessa
D:6:      lightli_corner_chamber
D:7:      nicolae_tso_besieged_by_evil, serial_shops, shop_fountains
D:8:      minmay_bloctagon, special_room, david_nohive_1, uniq_maurice
Temple:   nicolae_temple_god_jail

Skill      XL: |  1  2  3  4  5  6  7  8  9 10 |
---------------+-------------------------------+-----
Maces & Flails | 3 4 5 6 7 9 10 | 10.0
Dodging        | 3 4 5 |  5.0
Fighting       | 3 4 5 |  5.1
Invocations    | 1 2 3 5 6 |  6.4
Translocations | 4 6 |  6.0
Spellcasting   | 3 4 |  4.6
Throwing       | |  1.0
Armour         | |  1.0

Action                   |  1- 3 |  4- 6 |  7- 9 | 10-12 || total
-------------------------+-------+-------+-------+-------++-------
Melee: Mace              |   105 |   242 |    14 |       ||   361
       Dire flail        |       |       |   209 |   141 ||   350
Throw: Tomahawk          |     5 |       |     4 |       ||     9
 Cast: Blink             |       |       |       |     1 ||     1
Invok: Bend Time         |     1 |       |     2 |       ||     3
       Slouch            |       |       |     1 |     1 ||     2
Evoke: Phial of floods   |       |       |     1 |     1 ||     2
       Wand              |       |       |       |     4 ||     4
  Use: Potion            |     3 |     1 |     1 |       ||     5
       Scroll            |     3 |     6 |    11 |       ||    20
 Stab: Sleeping          |       |     2 |     1 |       ||     3
       Distracted        |       |     1 |       |       ||     1
       Invisible         |       |       |     2 |       ||     2
       Betrayed ally     |       |       |       |     1 ||     1
  Eat: Chunk             |     1 |    10 |    12 |     2 ||    25
Armor: Leather armour    |    29 |    69 |    20 |    44 ||   162
       Ring mail         |       |    23 |    70 |       ||    93
Dodge: Dodged            |   137 |   222 |   208 |   149 ||   716
